 Dungeon Crawl Stone Soup version 0.27.0-1-g7a089689b8 (webtiles) character file.

Game seed: 14667884819630927628

100 Sin92 the Skirmisher (level 4, -6/35 HPs)
             Began as a Demonspawn Fighter on Aug 11, 2021.
             Killed from afar by Natasha (7 damage)
             ... with a magic dart
             ... on level 2 of the Dungeon.
             The game lasted 00:03:16 (1766 turns).

Sin92 the Skirmisher (Demonspawn Fighter)           Turns: 1766, Time: 00:03:17

Health: -6/35      AC:  8    Str: 16    XL:     4   Next: 46%
Magic:  4/4        EV:  7    Int:  9    God:
Gold:   27         SH:  9    Dex: 14    Spells: 3/3 levels left

rFire    . . .     SeeInvis .   a - +0 war axe
rCold    . . .     Faith    .   c - +0 kite shield
rNeg     . . .     Spirit   .   b - +0 scale mail
rPois    .         Reflect  .   (no helmet)
rElec    .         Harm     .   (no cloak)
rCorr    .         Rampage  .   (no gloves)
Will     .....                  (no boots)
Stlth    ..........             (no amulet)
HPRegen  0.11/turn              (no ring)
MPRegen  0.09/turn              (no ring)

@: mighty, flying
A: slimy green scales 1, spiny 1
a: no special abilities


You were on level 2 of the Dungeon.
You visited 1 branch of the dungeon, and saw 2 of its levels.

You collected 27 gold pieces.

Inventory:

Hand Weapons
 a - a +0 war axe (weapon)
Armour
 b - a +0 scale mail (worn)
 c - a +0 kite shield (worn)
Jewellery
 g - a ring of protection from cold
Potions
 e - a potion of haste


   Skills:
 + Level 3.5 Fighting
 * Level 2.9 Axes
 + Level 3.1 Armour
 + Level 1.2 Dodging
 + Level 3.1 Shields


You had 3 spell levels left.
You didn't know any spells.
Your spell library contained the following spells:

 Spells                   Type           Power      Damage    Failure   Level
 Blink                    Tloc           N/A        N/A       100%        2
 Manifold Assault         Tloc           0%         N/A       100%        5
 Storm Form               Tmut/Air       0%         N/A       100%        7


Dungeon Overview and Level Annotations

Branches:
Dungeon (2/15)

Altars:

Annotations:
D:2 Natasha


Innate Abilities, Weirdness & Mutations

You are partially covered in slimy green scales. (AC +2)
You are partially covered in sharp spines.


Message History

You closely miss the shadow imp.
The shadow imp is almost dead.
You hit the crimson imp.
You kill the crimson imp!
You slash the crimson imp!
Natasha mumbles some strange words.
Natasha's front paws start to glow.
Natasha barely misses you. You block the shadow imp's attack.
The crimson imp is struck by your spines.
The crimson imp hits you but does no damage.
You block Natasha's attack.
You feel very mighty all of a sudden.
The shadow imp is struck by your spines.
You kill the shadow imp!
You block Natasha's attack.
The crimson imp hits you but does no damage.
Natasha is struck by your spines. Natasha claws you.
The crimson imp shouts, "Quit, thou plume-plucked ruttish flirt-gill!"
You block Natasha's attack.
You closely miss Natasha.
Natasha is moderately wounded.
You closely miss the crimson imp.
Natasha stares at you and mumbles some strange words.
The magic dart hits you.
* * * LOW HITPOINT WARNING * * *
The crimson imp closely misses you. Natasha claws you but does no damage.
The crimson imp hits you but does no damage.
You closely miss Natasha.
Natasha is moderately wounded.
You slash the crimson imp!
You kill the crimson imp!
You block Natasha's attack. Natasha is struck by your spines.
Natasha barely misses you. Natasha claws you!
* * * LOW HITPOINT WARNING * * *
It was a potion of flight.
You feel very buoyant.
You fly up into the air.
Natasha casts a spell at you. The magic dart hits you!
You die...

.'.....##.####.##.##.#....#.#
.#........# #.##.##.#.##.#.#
.#.......## #_##.##...##...#
#.......# #..#.###########
#.......# ##.#.# #####...#
#.#.# ...# #...# ##..# #@h#
#..# #..# ..># ####


You could see Natasha (fast).

Vanquished Creatures
  Natasha (D:2)
  2 adders (D:2)
  4 dart slugs
  8 bats
  6 endoplasms
  A giant cockroach (D:1)
  3 goblins
  3 hobgoblins (D:1)
  6 jackals (D:2)
  7 kobolds
  A quokka (D:2)
  2 ball pythons (D:1)
  A frilled lizard (D:1)
  2 rats (D:1)
47 creatures vanquished.

Notes
Turn   | Place    | Note
-------+----------+-------------------------------------------
     0 | D:1      | Sin92 the Demonspawn Fighter began the quest for the Orb.
     0 | D:1      | Reached XP level 1. HP: 18/18 MP: 1/1
   637 | D:1      | Gained mutation: You are partially covered in sharp spines.
                  | [demonic ancestry]
   637 | D:1      | Reached XP level 2. HP: 17/24 MP: 2/2
  1036 | D:1      | Gained mutation: You are partially covered in slimy green
                  | scales. (AC +2) [demonic ancestry]
  1036 | D:1      | Reached XP level 3. HP: 29/29 MP: 3/3
  1468 | D:2      | Noticed Natasha
  1477 | D:2      | Killed Natasha
  1478 | D:2      | Reached skill level 1 in Dodging
  1478 | D:2      | Reached XP level 4. HP: 29/35 MP: 4/4
  1745 | D:2      | Found a faded altar of an unknown god.
  1753 | D:2      | Noticed Natasha
  1765 | D:2      | HP: 1/35 [Natasha (8)]
  1766 | D:2      | Killed from afar by Natasha

Illustrated notes

Levels and vault maps discovered:
D:1:      matt_arrival_grand_opening, layout_basic, minmay_nonomino_d4
D:2:      layout_basic, basic_ecumenical_altar, uniq_natasha

Skill      XL: |  1  2  3 |
---------------+----------+-----
Axes           | 2 |  2.9
Armour         | 3 |  3.1
Dodging        | 1 |  1.2
Shields        | 3 |  3.1
Fighting       | |  3.5

Action                   |  1- 3 |  4- 6 || total
-------------------------+-------+-------++-------
Melee: War axe           |    86 |    33 ||   119
  Use: Scroll            |     1 |       ||     1
       Potion            |       |     2 ||     2
Armor: Scale mail        |    46 |    34 ||    80
Dodge: Dodged            |    26 |    18 ||    44
Block: Kite shield       |    53 |    28 ||    81
